 Dungeon Crawl Stone Soup version 0.31-a0-75-g6fe912e8c5 (webtiles) character file.

Game seed: 919480751470480899

56 lunkers the Magician (level 4, 0/36 HPs)
             Began as a Meteoran Wanderer on May 24, 2023.
             Slain by Sigmund
             ... wielding a +0 scythe
              (5 damage)
             ... on level 2 of the Dungeon.
             The game lasted 00:02:02 (400 turns).

lunkers the Magician (Meteoran Wanderer)             Turns: 400, Time: 00:02:03

Health: 0/36       AC:  2    Str:  9    XL:     4   Next: 37%
Magic:  0/11       EV: 11    Int: 21    God:
Gold:   57         SH:  0    Dex: 12    Spells: 11/12 levels left

rFire   . . .        a - +0 dagger
rCold   . . .        (no shield)
rNeg    . . .        c - +0 robe
rPois   .            (no helmet)
rElec   .            (no cloak)
rCorr   .            (no gloves)
SInv    .            (no boots)
Will    .....        (no amulet)
Stlth   +            (no ring)
HPRegen 0.26/turn    (no ring)
MPRegen 0.12/turn

%: no passive effects
@: glowing
A: sense surroundings 1, otherworldly, glowing, explore regen
a: no special abilities


You were on level 2 of the Dungeon.
You visited 1 branch of the dungeon, and saw 2 of its levels.

You collected 57 gold pieces.

Inventory:

Hand Weapons
 a - a +0 dagger (weapon)
 j - the +8 whip of Eternal War {holy, Contam Fly rElec rN+}
   (You took it off Jessica on level 2 of the Dungeon)

   rElec:     It insulates you from electricity.
   rN:        It protects you from negative energy.
   Fly:       It grants you flight.
   Contam:    It causes magical contamination when unequipped.
Armour
 c - a +0 robe (worn)
Scrolls
 b - a scroll of blinking
 f - a scroll of vulnerability {unknown}
 i - a scroll of acquirement {unknown}
Potions
 d - a potion of attraction
 e - 2 potions of heal wounds {unknown}
 g - a potion of mutation {unknown}
 h - 3 potions of brilliance {unknown}


   Skills:
 - Level 2.1 Fighting
 - Level 2.4 Armour
 - Level 1.2 Dodging
 + Level 4.7 Spellcasting
 * Level 3.7 Earth Magic


You had 11 spell levels left.
You knew the following spells:

 Your Spells              Type           Power      Damage    Failure   Level
a - Sandblast             Erth           40%        2d10      2%          1

Your spell library contained the following spells:

 Spells                   Type           Power      Damage    Failure   Level
 Apportation              Tloc           8%         N/A       11%         1
 Necrotise                Necr           16%        1d4       11%         1
 Kiss of Death            Conj/Necr      8%         2d6       14%         1
 Stone Arrow              Conj/Erth      20%        3d8       21%         3
 Confusing Touch          Hex            4%         N/A       32%         3
 Teleport Other           Tloc           4%         N/A       32%         3
 Vampiric Draining        Necr           4%         2d6       32%         3
 Inner Flame              Hex/Fire       2%         N/A       38%         3
 Dispel Undead            Necr           4%         3d7       73%         4
 Agony                    Necr           4%         N/A       97%         5


Dungeon Overview and Level Annotations

Branches:
Dungeon (2/15) Zot: 780

Altars:

Shops:
D:1 =

Annotations:
D:2 Sigmund


Innate Abilities, Weirdness & Mutations

You passively map a small area around you.
You are easily found by Zot.
You glow in the dark.
You regain HP and MP as you explore.


Message History

Aiming: Sandblast (safe; 2% risk of failure)
Press: ? - help, Q - select action Shift-Dir - straight line, f/p - Sigmund
Aim: Sigmund, wielding a +0 scythe and wearing a +2 robe of fire resistance (lightly wounded, 81% to hit)
The blast of sand hits Sigmund.
Sigmund is moderately wounded.
Sigmund hits you from afar with a +0 scythe!
* * * LOW HITPOINT WARNING * * *
Unknown command.
Aiming: Sandblast (safe; 2% risk of failure)
Press: ? - help, Q - select action Shift-Dir - straight line, f/p - Sigmund
Aim: Sigmund, wielding a +0 scythe and wearing a +2 robe of fire resistance (moderately wounded, 81% to hit)
The blast of sand hits Sigmund.
Sigmund is heavily wounded.
* * * LOW MAGIC WARNING * * *
Sigmund misses you.
Unknown command.
Aiming: Sandblast (safe; 2% risk of failure)
Press: ? - help, Q - select action Shift-Dir - straight line, f/p - Sigmund
Aim: Sigmund, wielding a +0 scythe and wearing a +2 robe of fire resistance (heavily wounded, 81% to hit)
The blast of sand hits Sigmund.
Sigmund is heavily wounded.
* * * LOW MAGIC WARNING * * *
Sigmund closely misses you.
Unknown command.
Aiming: Sandblast (safe; 2% risk of failure)
Press: ? - help, Q - select action Shift-Dir - straight line, f/p - Sigmund
Aim: Sigmund, wielding a +0 scythe and wearing a +2 robe of fire resistance (heavily wounded, 81% to hit)
The blast of sand hits Sigmund.
Sigmund is severely wounded.
* * * LOW MAGIC WARNING * * *
Sigmund hits you from afar with a +0 scythe.
* * * LOW HITPOINT WARNING * * *
Aiming: Sandblast (safe; 2% risk of failure)
Press: ? - help, Q - select action Shift-Dir - straight line, f/p - Sigmund
Aim: Sigmund, wielding a +0 scythe and wearing a +2 robe of fire resistance (severely wounded, 81% to hit)
The blast of sand hits Sigmund.
Sigmund is almost dead.
* * * LOW MAGIC WARNING * * *
Sigmund hits you from afar with a +0 scythe.
You die...

##..#....#.#.##.##..
#.######.<...#......
##..## ###.........#
###.# ##.........
##..## #......#.##
#.### #...####.# *
##..## #....## ..# ,
###.#....... #.##
##.@##....... #. ,
,,#@### ...... #.
##..##..... .. * * ,
, ###.# , . , ,
##..## .. , , #.###
... , ##†.## .... ,.
###†# .<...
....#.[##....@.


You could see Sigmund.

Vanquished Creatures
  Jessica (D:2)
  An adder (D:2)
  3 ball pythons
  3 bats
  A goblin (D:1)
  3 hobgoblins
  3 quokkas (D:1)
  4 rats
19 creatures vanquished.

Notes
Turn   | Place    | Note
-------+----------+-------------------------------------------
     0 | D:1      | lunkers the Meteoran Wanderer began the quest for the Orb.
     0 | D:1      | lunkers set off with the following items: a +0 dagger, a
                  | scroll of blinking, a +0 robe, a potion of attraction; and
                  | the following spells available to memorise: Sandblast,
                  | Apportation, Stone Arrow, Teleport Other, Inner Flame.
     0 | D:1      | Reached XP level 1. HP: 17/17 MP: 6/6
     2 | D:1      | Learned a level 1 spell: Sandblast
     7 | D:1      | Found Gesacseu's Jewellery Shop.
    75 | D:1      | Reached XP level 2. HP: 24/24 MP: 6/8
   260 | D:2      | Reached XP level 3. HP: 29/29 MP: 6/9
   369 | D:2      | Identified the +8 whip of Eternal War {holy, Contam Fly
                  | rElec rN+}
   369 | D:2      | Noticed Jessica
   372 | D:2      | Killed Jessica
   373 | D:2      | Reached XP level 4. HP: 12/36 MP: 4/11
   376 | D:2      | Noticed Sigmund
   400 | D:2      | Slain by Sigmund

Illustrated notes

Levels and vault maps discovered:
D:1:      mrwooster_arrival_arrow, layout_loops_ring, serial_shops,
          nicolae_square_shop, minmay_tree_intersection
D:2:      layout_rooms, basic_altar, grunt_decor_resistance, minmay_door_square,
          minmay_large_rounded_square, dreamdust_mushroom_princess,
          kennysheep_small_spiral, uniq_jessica, uniq_robin, uniq_sigmund

Skill      XL: |  1  2 |
---------------+-------+-----
Earth Magic    | 3 |  3.7
Fighting       | |  2.1
Armour         | |  2.4
Dodging        | |  1.2
Spellcasting   | |  4.7

Action                     |  1- 3 |  4- 6 || total
---------------------------+-------+-------++-------
  Melee: Dagger            |     1 |       ||     1
   Cast: Sandblast         |    30 |     8 ||    38
 Armour: Robe              |     2 |     2 ||     4
  Dodge: Dodged            |     7 |     3 ||    10

Table legend: (Time is in decaauts)
 A = Elapsed time spent in this place.
 B = Non-inter-level travel time spent in this place.
 C = Inter-level travel time spent in this place.
 D = Time resting spent in this place.
 E = Time spent auto-exploring this place.
 F = Levels seen in this place.
 G = Mean time per level.
                   A        B        C        D        E       F      G
               +--------+--------+--------+--------+--------+-----+--------+
         Total |    418 |    418 |      0 |      0 |    292 |   2 |  209.0 |
       Dungeon |    418 |    418 |      0 |      0 |    292 |   2 |  209.0 |
               +--------+--------+--------+--------+--------+-----+--------+

Top non-repeatable levels by time:
     D:1: 249 daAuts
     D:2: 169 daAuts
